 Dungeon Crawl Stone Soup version 0.28-a0-32-g8dfe7f97f6 (webtiles) character file.

Game seed: 1469879675708488185

3174 BorisBritva the Basher (level 9, -8/80 (81) HPs)
             Began as a Minotaur Chaos Knight on July 27, 2021.
             Was a Plaything of Xom.
             Mangled by Psyche (15 damage)
             ... on level 8 of the Dungeon.
             The game lasted 00:18:10 (8687 turns).

BorisBritva the Basher (Minotaur Chaos Knight)      Turns: 8687, Time: 00:18:10

HP:   -8/80 (81)    AC: 15    Str: 20    XL:     9   Next: 63%
MP:   8/8           EV: 13    Int:  9    God:    Xom [..*...]
Gold: 212           SH:  0    Dex: 10    Spells: 8/8 levels left

rFire   . . .      SeeInvis .   a - +0 mace (chaos)
rCold   . . .      Faith    .   (no shield)
rNeg    . . .      Spirit   .   y - +0 plate armour
rPois   .          Reflect  .   (helmet restricted)
rElec   .          Harm     .   (no cloak)
rCorr   .          Rampage  .   (no gloves)
Will    .....                   (no boots)
Stlth   ..........              k - amulet of the acrobat
HPRegen 0.23/turn               (no ring)
MPRegen 0.11/turn               (no ring)

@: confused, mighty, agile, lethally poisoned (-8 -> -15), unable to read,
hasted, lightly drained, very quick
A: horns 2, retaliatory headbutt, iridescent scales 1, deterioration 1,
inability to read while threatened
a: Renounce Religion


You were on level 8 of the Dungeon.
You worshipped Xom.
You were a toy of Xom.
You visited 1 branch of the dungeon, and saw 8 of its levels.

You collected 393 gold pieces.
You spent 181 gold pieces at shops.

Inventory:

Hand Weapons
 a - a +0 mace of chaos (weapon)
Missiles
 n - a curare-tipped dart (quivered)
Armour
 y - a +0 plate armour (worn)
Jewellery
 k - an amulet of the acrobat (around neck)
Wands
 e - a wand of polymorph (10)
 r - a wand of charming (9)
 v - a wand of flame (11)
Scrolls
 c - 2 scrolls of blinking
 h - 2 scrolls of enchant armour
 j - a scroll of amnesia {unknown}
 l - 2 scrolls of immolation {unknown}
 m - 2 scrolls of torment
 o - a scroll of vulnerability {unknown}
 q - a scroll of fog {unknown}
 t - a scroll of enchant weapon {unknown}
 u - a scroll of teleportation
Potions
 d - 2 potions of lignification
 g - a potion of curing
 i - a potion of resistance
 p - 2 potions of brilliance {unknown}
 s - a potion of berserk rage {unknown}
 x - a potion of magic {unknown}


   Skills:
 + Level 8.2 Fighting
 + Level 11.1 Maces & Flails
 + Level 6.6 Armour
 + Level 7.0 Dodging


You had 8 spell levels left.
You didn't know any spells.
Your spell library contained the following spells:

 Spells                   Type           Power      Damage    Failure   Level
 Animate Skeleton         Necr           0%         N/A       100%        1
 Pain                     Necr           0%         1d4       100%        1
 Shock                    Conj/Air       0%         1d3       100%        1
 Passwall                 Tmut/Erth      0%         N/A       100%        2
 Portal Projectile        Hex/Tloc       0%         N/A       100%        3
 Swiftness                Air            0%         N/A       100%        3
 Vampiric Draining        Necr           0%         2d6       100%        3
 Airstrike                Air            0%         N/A       100%        4
 Blade Hands              Tmut           0%         N/A       100%        5
 Excruciating Wounds      Necr           0%         N/A       100%        5
 Invisibility             Hex            0%         N/A       100%        6


Dungeon Overview and Level Annotations

Branches:
Dungeon (8/15)             Temple (0/1) D:6
   Lair: D:8-11

Altars:
Ashenzari
Gozag
Hepliaklqana

Shops:
D:3 !?[[   D:4 =

Annotations:
D:8 Psyche


Innate Abilities, Weirdness & Mutations

You have a pair of horns on your head.
You reflexively headbutt those who attack you in melee.
You are partially covered in iridescent scales. (AC +2)
Your body sometimes deteriorates upon taking damage.
You sometimes lose the ability to read scrolls when taking damage.


Message History

The kobold hits you but does no damage.
The centaur wields a +0 shortbow.
The centaur shoots an arrow.
The arrow completely misses you.
You bump into the rock wall.
The kobold throws a poisoned dart.
The poisoned dart hits you!
You are more poisoned.
You hear some strange, mumbled words.
A swirling arc of seething chaos appears!
An arc of chaos appears from out of thin air!
The arc of chaos hits you!
You feel as though your hastened speed will last longer.
The arc of chaos hits the kobold.
You bump into the rock wall.
You feel sick.
The centaur shoots an arrow.
The arrow hits you.
You feel threatened and lose the ability to read scrolls!
* * * LOW HITPOINT WARNING * * *
The kobold hits you but does no damage.
You're too confused to move!
You feel very sick.
The centaur shoots an arrow.
The arrow closely misses you. Something hits you but does no damage.
You feel drained.
The kobold throws a poisoned dart.
The poisoned dart barely misses you. The kobold hits you with a +0 dagger.
* * * LOW HITPOINT WARNING * * *
You bump into the rock wall.
You feel sick.
The centaur shoots an arrow.
The arrow hits you but does no damage. Something hits you.
* * * LOW HITPOINT WARNING * * *
You bump into the rock wall.
You can read scrolls again.
You feel sick.
The centaur shoots an arrow.
The arrow barely misses you. Something hits you.
* * * LOW HITPOINT WARNING * * *
Something freezes you.
* * * LOW HITPOINT WARNING * * *
The kobold misses you.
You bump into the rock wall.
* * * LOW HITPOINT WARNING * * *
You feel sick. Something hits you but does no damage.
You are electrocuted!
You feel threatened and lose the ability to read scrolls!
You die...
Xom giggles madly!

#.#..#.# #.#..#.#
#.#..#.# #.#..#)####
#.#....)..#
#.#.......#####
#.#...........
#..........#####
#<.........{@).#
#..........KcK.#
.)..................>
..#....#...###<..#.###
...#....#.... ....# #
.. #....#.......#.# .
#...#####.# #...# .#
.#


You could see a centaur and 2 kobolds.

Vanquished Creatures
  A two-headed ogre (D:6)
  Prince Ribbit (D:7)
  A steam dragon (D:7)
  Duvessa (D:4)
  2 ice beasts
  2 sky beasts
  A black bear (D:6)
  3 necrophages
  2 ogres
  2 kobold brigands
  2 bullfrogs (D:6)
  Dowan (D:4)
  2 scorpions
  2 howler monkeys
  A bullfrog zombie (D:6)
  2 jellies
  3 centaur zombies
  2 hounds
  2 orc priests (D:8)
  A bullfrog skeleton (D:5)
  2 gnoll shamans
  2 iguanas (D:7)
  A howler monkey zombie (D:8)
  6 gnolls
  8 adders
  A white imp (D:5)
  An ufetubus (D:3)
  2 worms
  A dart slug (D:2)
  8 orcs
  10 endoplasms
  3 giant cockroaches
  10 goblins
  12 hobgoblins
  9 jackals
  6 quokkas
  4 ball pythons
  4 bats
  3 frilled lizards
  11 kobolds
  3 rats
141 creatures vanquished.

Notes
Turn   | Place    | Note
-------+----------+-------------------------------------------
     0 | D:1      | BorisBritva the Minotaur Chaos Knight began the quest for
                  | the Orb.
     0 | D:1      | Reached XP level 1. HP: 19/19 MP: 0/0
    50 | D:1      | Reached skill level 4 in Maces & Flails
   132 | D:1      | XOM: confusion (+ monsters)
   158 | D:1      | Reached XP level 2. HP: 19/27 MP: 1/1
   352 | D:1      | You fall into a shaft and drop 1 floor!
   791 | D:2      | Reached XP level 3. HP: 22/33 MP: 2/2
   930 | D:2      | XOM: enchant monster (bad)
  1100 | D:2      | Found a faded altar of an unknown god.
  1126 | D:2      | XOM: torment (18/34 hp)
  1211 | D:2      | XOM: stat loss: -1 Int (8/9)
  1537 | D:2      | XOM: summons 2 hostile shadow creatures
  1655 | D:2      | XOM: give mutation
  1655 | D:2      | Gained mutation: You are dopey. (Int -2) [Xom's mischief]
  1774 | D:3      | Reached skill level 5 in Maces & Flails
  1778 | D:3      | XOM: cloud trail
  1796 | D:3      | Reached XP level 4. HP: 41/41 MP: 3/3
  1849 | D:3      | Found Nogoddam's Armour Shoppe.
  1890 | D:3      | Found a broken altar of Ashenzari.
  1938 | D:3      | Found Numorgh's Armour Shop.
  1962 | D:3      | Found an opulent altar of Gozag.
  1988 | D:3      | Found Moyppofa's Magic Scroll Shoppe.
  1988 | D:3      | XOM: 2-stop teleportation journey
  2101 | D:3      | Bought a scroll of enchant armour for 105 gold pieces
  2101 | D:3      | Bought a scroll of identify for 28 gold pieces
  2429 | D:3      | Found a hazy altar of Hepliaklqana.
  2710 | D:3      | Found Oshimmaz's Distillery.
  2720 | D:3      | XOM: god gift: 23 gold pieces
  2722 | D:3      | Bought a potion of might for 48 gold pieces
  3040 | D:4      | Noticed Duvessa
  3040 | D:4      | Noticed Dowan
  3040 | D:4      | Noticed a scorpion
  3040 | D:4      | Noticed a necrophage
  3052 | D:3      | Killed a scorpion
  3053 | D:3      | Reached XP level 5. HP: 17/47 MP: 4/4
  3265 | D:4      | XOM: smoke on damage
  3273 | D:3      | Killed a necrophage
  3274 | D:3      | Reached skill level 5 in Fighting
  3274 | D:3      | Reached skill level 6 in Maces & Flails
  3554 | D:4      | Noticed a necrophage
  3872 | D:4      | XOM: potion effect (berserk rage)
  3873 | D:4      | Killed a necrophage
  3874 | D:4      | Reached XP level 6. HP: 56/56 MP: 5/5
  3874 | D:4      | XOM: confuse monster(s)
  3875 | D:4      | XOM: potion effect (might)
  3876 | D:4      | Killed Duvessa
  3876 | D:4      | XOM: noise
  3877 | D:4      | Reached skill level 7 in Maces & Flails
  3880 | D:4      | Killed Dowan
  3881 | D:4      | Reached XP level 7. HP: 61/61 MP: 6/6
  3919 | D:4      | XOM: silly message
  3958 | D:4      | XOM: butterfly on damage
  4195 | D:4      | Found Wuidoq's Jewellery Shop.
  4787 | D:5      | Entered Level 5 of the Dungeon
  5015 | D:4      | XOM: noise
  5101 | D:5      | XOM: divination: magic mapping
  5205 | D:5      | XOM: potion effect (curing)
  5206 | D:5      | XOM: 1-stop teleportation journey
  5224 | D:5      | Reached skill level 8 in Maces & Flails
  5417 | D:5      | XOM: polymorph hound -> orc
  5750 | D:5      | XOM: 1-stop teleportation journey
  5929 | D:5      | XOM: enchant monster (good)
  5939 | D:5      | Reached skill level 5 in Armour
  5939 | D:5      | Reached XP level 8. HP: 70/70 MP: 7/7
  5975 | D:5      | XOM: cloud trail
  6382 | D:6      | Reached skill level 9 in Maces & Flails
  6487 | D:6      | Lost mutation: You are dopey. (Int -2) [potion of mutation]
  6487 | D:6      | Gained mutation: You have sharp fingernails. [potion of
                  | mutation]
  6487 | D:6      | Gained mutation: You are partially covered in iridescent
                  | scales. (AC +2) [potion of mutation]
  6487 | D:6      | Gained mutation: You are mostly covered in iridescent
                  | scales. (AC +4) [potion of mutation]
  6488 | D:6      | Lost mutation: You have sharp fingernails. [potion of
                  | mutation]
  6488 | D:6      | Lost mutation: You are mostly covered in iridescent scales.
                  | (AC +4) [potion of mutation]
  6488 | D:6      | Gained mutation: You are robust. (+10% HP) [potion of
                  | mutation]
  6626 | D:6      | Found a staircase to the Ecumenical Temple.
  6728 | D:6      | Noticed a two-headed ogre
  6729 | D:6      | XOM: noise
  6733 | D:6      | XOM: butterfly on damage
  6737 | D:6      | Killed a two-headed ogre
  6738 | D:6      | Reached skill level 10 in Maces & Flails
  6738 | D:6      | Reached skill level 5 in Dodging
  6738 | D:6      | Reached XP level 9. HP: 28/86 MP: 8/8
  7370 | D:7      | XOM: give mutations
  7370 | D:7      | Lost mutation: You are robust. (+10% HP) [Xom's mischief]
  7370 | D:7      | Gained mutation: Your body sometimes deteriorates upon
                  | taking damage. [Xom's mischief]
  7416 | D:7      | XOM: give mutation
  7416 | D:7      | Gained mutation: You sometimes lose the ability to read
                  | scrolls when taking damage. [Xom's mischief]
  7489 | D:7      | XOM: scenery: summon butterflies
  7493 | D:7      | Noticed Prince Ribbit
  7506 | D:7      | Killed Prince Ribbit
  7627 | D:7      | XOM: polymorph hornet -> sky beast
  8354 | D:7      | Reached skill level 11 in Maces & Flails
  8650 | D:8      | Noticed Psyche
  8687 | D:8      | Mangled by Psyche

Illustrated notes

Levels and vault maps discovered:
D:1:      erik_arrival_cave_to_civilisation [erik_arrival_cave_to_hall],
          layout_rooms, dk_noncrumbling_3
D:2:      layout_loops_ring, basic_ecumenical_altar, minmay_pentomino_v2
D:3:      layout_loops_corners, mainiacjoe_overflow_cross_hatched,
          nicolae_gozag_cash_rules_everything_around_me, general_overflow_altar,
          serial_shops, nicolae_lakefront_shop, shop, shop, shop
D:4:      layout_rooms, serial_shops, shop, sigmund_army, uniq_duvessa
D:5:      layout_loops_ring, serial_co_window_serial, co_window_paths_b,
          co_window_paths_b, co_window_paths_b, co_window_corner_a,
          co_window_corner_a, co_window_cross_2, co_window_broadway_a,
          co_window_unsneaky_path_c, co_window_broadway_c
D:6:      layout_basic, minmay_temple_entry_statues_pillars
D:7:      layout_basic, uniq_prince_ribbit1
D:8:      layout_basic, fedhas_ov_isle_minmay, nicolae_dithmenos_shadow_blocks,
          enter_bailey_5, uniq_harold, uniq_psyche

Skill      XL: |  1  2  3  4  5  6  7  8  9 |
---------------+----------------------------+-----
Maces & Flails | 4 5 6 7 8 10 11 | 11.1
Fighting       | 4 5 6 7 8 |  8.2
Armour         | 3 4 5 6 |  6.6
Dodging        | 2 3 4 5 7 |  7.0

Action                   |  1- 3 |  4- 6 |  7- 9 || total
-------------------------+-------+-------+-------++-------
Melee: Mace              |    96 |    80 |   244 ||   420
       Headbutt          |     9 |    14 |    56 ||    79
  Use: Scroll            |     3 |     3 |     5 ||    11
       Potion            |       |     1 |     6 ||     7
 Stab: Petrified         |       |       |     3 ||     3
       Paralysed         |       |       |     2 ||     2
Armor: Leather armour    |    44 |    30 |    49 ||   123
       Plate armour      |       |       |    28 ||    28
Dodge: Dodged            |    69 |    59 |   177 ||   305

Table legend: (Time is in decaauts)
 A = Elapsed time spent in this place.
 B = Non-inter-level travel time spent in this place.
 C = Inter-level travel time spent in this place.
 D = Time resting spent in this place.
 E = Time spent auto-exploring this place.
 F = Levels seen in this place.
 G = Mean time per level.
                   A        B        C        D        E       F      G
               +--------+--------+--------+--------+--------+-----+--------+
         Total |   8692 |   8219 |    473 |      0 |   7264 |   8 | 1086.5 |
       Dungeon |   8692 |   8219 |    473 |      0 |   7264 |   8 | 1086.5 |
               +--------+--------+--------+--------+--------+-----+--------+

Top non-repeatable levels by time:
     D:3: 2027 daAuts
     D:5: 1336 daAuts
     D:4: 1260 daAuts
     D:7: 1241 daAuts
     D:2: 1073 daAuts
     D:6: 989 daAuts
     D:1: 700 daAuts
     D:8: 64 daAuts
